 Dungeon Crawl Stone Soup version 0.26-a0-949-ga0cc1ef5f6 (webtiles) character file.

Game seed: 3591007350796135223

35 miscthings the Vandal (level 3, -1/24 HPs)
             Began as a Halfling Hunter on Nov 28, 2020.
             Slain by an adder (3 damage)
             ... on level 3 of the Dungeon.
             The game lasted 00:01:37 (1468 turns).

miscthings the Vandal (Halfling Hunter)             Turns: 1468, Time: 00:01:38

Health: -1/24      AC:  4    Str: 14    XL:     3   Next: 52%
Magic:  3/3        EV: 14    Int:  9    God:
Gold:   112        SH:  0    Dex: 14    Spells: 2/2 levels left

rFire    . . .     SeeInvis .   a - +1 hunting sling
rCold    . . .     Faith    .   (shield restricted)
rNeg     . . .     Spirit   .   c - +0 leather armour
rPois    .         Reflect  .   (no helmet)
rElec    .         Harm     .   (no cloak)
rCorr    .         Rampage  .   (no gloves)
MR       .....                  n - +0 pair of boots
Stlth    +.........             (no amulet)
HPRegen  0.08/turn              (no ring)
MPRegen  0.08/turn              (no ring)

@: lethally poisoned (-1 -> -5)
A: small, mutation resistance 1
a: no special abilities


You were on level 3 of the Dungeon.
You visited 1 branch of the dungeon, and saw 3 of its levels.

You collected 112 gold pieces.

Inventory:

Hand Weapons
 a - a +1 hunting sling (weapon)
 b - a +0 short sword
Missiles
 d - 19 sling bullets
 e - 107 stones (quivered)
 p - a throwing net
Armour
 c - a +0 leather armour (worn)
 n - a +0 pair of boots (worn)
Scrolls
 f - 2 scrolls of fear {unknown}
 g - a scroll of amnesia {unknown}
 h - a scroll of enchant weapon {unknown}
 l - a scroll of magic mapping {unknown}
 o - 2 scrolls of teleportation {unknown}
 q - a scroll of identify {unknown}
Potions
 i - a potion of heal wounds {unknown}
 j - 2 potions of might {unknown}
 k - a potion of brilliance {unknown}
 m - a potion of haste {unknown}
 r - a potion of attraction {unknown}


   Skills:
 - Level 1.7 Fighting
 + Level 7.4 Slings
 - Level 2.1 Dodging
 - Level 1.1 Stealth


You had 2 spell levels left.
You didn't know any spells.
Your spell library was empty.

Dungeon Overview and Level Annotations

Branches:
Dungeon (3/15)

Altars:


Innate Abilities, Weirdness & Mutations

You are small and have problems with some larger weapons.
You are somewhat resistant to further mutation.


Message History

Fire: 110 stones
Press: ? - help, Q - select action, (/) - cycle Shift-Dir - straight line, f/p - adder
Aim: an adder (heavily wounded)
You shoot a stone. The stone misses the adder.
The adder misses you.
Fire: 109 stones
Press: ? - help, Q - select action, (/) - cycle Shift-Dir - straight line, f/p - adder
Aim: an adder (heavily wounded)
You shoot a stone. The stone barely misses the adder.
The adder bites you.
* * * LOW HITPOINT WARNING * * *
You are lethally poisoned!
The adder poisons you!
Fire: 108 stones
Press: ? - help, Q - select action, (/) - cycle Shift-Dir - straight line, f/p - adder
Aim: an adder (heavily wounded)
You shoot a stone. The stone completely misses the adder.
* * * LOW HITPOINT WARNING * * *
You feel sick. The adder bites you.
You die...

## .## .. .#
##.##
#(#######<..#
#(.(((S@..#......
#########..>#####
...## ##.# )# .>
#.# .#


You could see an adder.

Vanquished Creatures
  A worm (D:2)
  A dart slug (D:1)
  A leopard gecko (D:1)
  3 orcs (D:3)
  3 bats
  2 giant cockroaches
  4 hobgoblins
  A kobold (D:2)
  A quokka (D:2)
  2 frilled lizards (D:1)
  A goblin (D:1)
  6 rats
26 creatures vanquished.

Notes
Turn   | Place    | Note
-------+----------+-------------------------------------------
     0 | D:1      | miscthings the Halfling Hunter began the quest for the Orb.
     0 | D:1      | Reached XP level 1. HP: 14/14 MP: 1/1
    70 | D:1      | Reached skill level 6 in Slings
   125 | D:1      | Reached XP level 2. HP: 19/19 MP: 2/2
   843 | D:2      | Reached skill level 7 in Slings
   843 | D:2      | Reached XP level 3. HP: 24/24 MP: 3/3
  1468 | D:3      | Slain by an adder

Illustrated notes

Levels and vault maps discovered:
D:1:      onia_arrival_mini_maze, layout_loops_ring, grunt_decor_junction,
          minmay_misc_feat_encased, chequers_jeans, minmay_misc_feat_roman
D:2:      layout_loops_ring
D:3:      layout_loops_ring

Skill      XL: |  1  2 |
---------------+-------+-----
Slings         | 6 7 |  7.4
Fighting       | |  1.7
Dodging        | |  2.1
Stealth        | |  1.1

Action                   || total
-------------------------++-------
 Fire: Hunting sling     ||    79
Armor: Leather armour    ||     3
Dodge: Dodged            ||    14

Table legend: (Time is in decaauts)
 A = Elapsed time spent in this place.
 B = Non-inter-level travel time spent in this place.
 C = Inter-level travel time spent in this place.
 D = Time resting spent in this place.
 E = Time spent auto-exploring this place.
 F = Levels seen in this place.
 G = Mean time per level.
                   A        B        C        D        E       F      G
               +--------+--------+--------+--------+--------+-----+--------+
         Total |   1456 |   1352 |    104 |     68 |   1126 |   3 |  485.3 |
       Dungeon |   1456 |   1352 |    104 |     68 |   1126 |   3 |  485.3 |
               +--------+--------+--------+--------+--------+-----+--------+

Top non-repeatable levels by time:
     D:1: 768 daAuts
     D:2: 591 daAuts
     D:3: 97 daAuts
